 Dungeon Crawl Stone Soup version 0.30-a0-737-gf23d94013f (webtiles) character file.

Game seed: 8390962033012513082

53 Leeroy the Slasher (level 3, -5/18 HPs)
             Began as a Vine Stalker Warper on Feb 2, 2023.
             Killed by nerve-wracking pain
             ... invoked by Grinder
              (6 damage)
             ... on level 3 of the Dungeon.
             The game lasted 00:02:01 (1835 turns).

Leeroy the Slasher (Vine Stalker Warper)            Turns: 1835, Time: 00:02:02

Health: -5/18      AC:  3    Str: 13    XL:     3   Next: 89%
Magic:  0/7        EV: 12    Int: 13    God:
Gold:   105        SH:  0    Dex: 21    Spells: 6/6 levels left

rFire   . . .      SeeInvis .    a - +0 falchion
rCold   . . .      Faith    .    (no shield)
rNeg    . . .      Spirit   +    b - +0 leather armour
rPois   .          Reflect  .    (no helmet)
rElec   .          Harm     .    (no cloak)
rCorr   .          Rampage  .    (no gloves)
Will    .....                    (no boots)
Stlth   ++                       (no amulet)
HPRegen 0.23/turn                q - +6 ring of dexterity
MPRegen 0.10/turn                (no ring)

@: no status effects
A: fangs 2, magic shield, antimagic bite, no potion heal 2
a: no special abilities


You were on level 3 of the Dungeon.
You visited 1 branch of the dungeon, and saw 3 of its levels.

You collected 105 gold pieces.

Inventory:

Hand Weapons
 a - a +0 falchion (weapon)
Missiles
 d - 7 boomerangs of dispersal (quivered)
 n - 5 poisoned darts
Armour
 b - a +0 leather armour (worn)
Jewellery
 q - a +6 ring of dexterity (left hand)
Scrolls
 c - a scroll of blinking
 e - 2 scrolls of identify {unknown}
 g - a scroll of fog {unknown}
 j - a scroll of noise {unknown}
 l - a scroll of poison {unknown}
 o - a scroll of amnesia {unknown}
 p - a scroll of enchant weapon {unknown}
Potions
 f - 5 potions of curing
 h - a potion of degeneration {unknown}
 i - a potion of cancellation {unknown}
 k - 3 potions of flight {unknown}
 m - a potion of mutation {unknown}


   Skills:
 - Level 1.7 Fighting
 + Level 3.7 Long Blades
 - Level 0.8 Throwing
 - Level 0.7 Armour
 - Level 1.5 Dodging
 - Level 2.1 Spellcasting
 - Level 3.0 Translocations


You had 6 spell levels left.
You didn't know any spells.
Your spell library contained the following spells:

 Spells                   Type           Power      Damage    Failure   Level
 Blink                    Tloc           18%        N/A       14%         2
 Lesser Beckoning         Tloc           18%        N/A       14%         2
 Teleport Other           Tloc           9%         N/A       28%         3
 Vhi's Electric Charge    Tloc/Air       10%        N/A       45%         3
 Inner Flame              Hex/Fire       1%         N/A       67%         3
 Manifold Assault         Tloc           9%         N/A       67%         4
 Cause Fear               Hex            0%         N/A       97%         4
 Discord                  Hex            0%         N/A       100%        8


Dungeon Overview and Level Annotations

Branches:
Dungeon (3/15)

Altars:
Ru

Shops:
D:1 (

Annotations:
D:2 1 runed translucent door, Crazy Yiuf
D:3 Grinder


Innate Abilities, Weirdness & Mutations

You have extremely sharp teeth.
When hurt, damage is shared between your health and your magic reserves.
Your bite disrupts and absorbs the magic of your enemies.
Potions cannot restore your health.


Message History

You are frozen.
You hit the endoplasm.
You kill the endoplasm!
No target in view!
No target in view!
No target in view!
No target in view!
Magic restored.
A goblin comes into view. It is wielding a +0 dagger.
The goblin shouts!
A goblin is nearby!
The goblin unwields a +0 dagger.
The goblin wields a +0 sling.
The goblin shoots a sling bullet.
The sling bullet hits you but does no damage.
Grinder comes into view.
Found a scroll labelled LULICY YGULU.
The goblin shoots a sling bullet.
The sling bullet hits you.
Grinder shouts!
Found a stone staircase leading up.
Grinder says, "Wait up."
Grinder gestures at you. Pain shoots through your body!
Ouch! That really hurt!
* * * LOW HITPOINT WARNING * * *
The goblin shoots a sling bullet.
The sling bullet hits you.
* * * LOW HITPOINT WARNING * * *
You are too injured to fight recklessly!
You are too injured to fight recklessly!
You are too injured to fight recklessly!
You are too injured to fight recklessly!
You are too injured to fight recklessly!
Unknown command.
Okay, then.
It was a potion of curing.
That felt strangely inert.
The goblin shoots a sling bullet.
The sling bullet hits you.
* * * LOW HITPOINT WARNING * * *
Okay, then.
Grinder gestures at you. Pain shoots through your body!
You die...

#...# #...# #...#
#...##########
###...#........#
......#........#
###...#........# #####
####..#........#####g....#
................@..5......
##.............#####.....#
#................ .?..#
#.............#### ...#
#####.####.#### .<+ #.#
#.# .# #### #.. #.# # ...#
#... #. ...#


You could see Grinder and a goblin.

Vanquished Creatures
  An adder (D:3)
  3 dart slugs
  4 endoplasms
  7 goblins
  5 hobgoblins
  2 kobolds
  4 quokkas
  2 bats (D:1)
  A frilled lizard (D:1)
  5 rats
34 creatures vanquished.

Notes
Turn   | Place    | Note
-------+----------+-------------------------------------------
     0 | D:1      | Leeroy the Vine Stalker Warper began the quest for the Orb.
     0 | D:1      | Reached XP level 1. HP: 11/11 MP: 4/4
    80 | D:1      | Reached XP level 2. HP: 11/15 MP: 4/6
   565 | D:1      | Found Miyleewn's Weapon Emporium.
   851 | D:2      | Reached XP level 3. HP: 18/18 MP: 7/7
  1351 | D:2      | Found a runed translucent door.
  1353 | D:2      | Noticed Crazy Yiuf
  1707 | D:3      | Found a sacrificial altar of Ru.
  1830 | D:3      | Noticed Grinder
  1835 | D:3      | Killed from afar by Grinder

Illustrated notes

Levels and vault maps discovered:
D:1:      dpeg_arrival_leaves_temple_mockup, layout_loops_cross, serial_shops,
          nicolae_shop_waterfront, minmay_vboxes
D:2:      layout_loops_ring, uniq_crazy_yiuf_cottage
D:3:      layout_basic, hangedman_ru_absence, uniq_grinder

Skill      XL: |  1  2 |
---------------+-------+-----
Long Blades    | 2 3 |  3.7
Fighting       | |  1.7
Throwing       | |  0.8
Armour         | |  0.7
Dodging        | |  1.5
Spellcasting   | |  2.1
Translocations | |  3.0

Action                     || total
---------------------------++-------
  Melee: Falchion          ||   106
         Bite              ||    19
    Use: Potion            ||     1
   Stab: Sleeping          ||     2
 Armour: Leather armour    ||    35
  Dodge: Dodged            ||    72

Table legend: (Time is in decaauts)
 A = Elapsed time spent in this place.
 B = Non-inter-level travel time spent in this place.
 C = Inter-level travel time spent in this place.
 D = Time resting spent in this place.
 E = Time spent auto-exploring this place.
 F = Levels seen in this place.
 G = Mean time per level.
                   A        B        C        D        E       F      G
               +--------+--------+--------+--------+--------+-----+--------+
         Total |   1850 |   1797 |     53 |      0 |   1493 |   3 |  616.7 |
       Dungeon |   1850 |   1797 |     53 |      0 |   1493 |   3 |  616.7 |
               +--------+--------+--------+--------+--------+-----+--------+

Top non-repeatable levels by time:
     D:2: 864 daAuts
     D:1: 804 daAuts
     D:3: 182 daAuts
